AoeStats
← DiPunisher

Arena

508042749Analyzed
1v1 RM · 12d ago on Sep 20, 2026· 41m 15s· 2 players
Game mode
Random Map
Map size
Tiny (2 player)
Population
200
Speed
Normal
Resources
Standard
Victory
Conquest
Starting age
Dark Age
Ending age
Imperial Age
RankedLock teamsTeams togetherTeam positionsShared explorationLock speedFull tech treeHidden civsTurbo modeCheats
Victory
Defeat
🇧🇷 Teutons · Brazil
725
+18
🇨🇿 Bohemians · Czechia
764
-42
DiPunisher
1:08 Loom
10:10 Feudal Age
11:19 Double-Bit Axe
17:51 Castle Age
16:35 Town Watch
16:43 Horse Collar
17:01 Gold Mining
17:57 Forging
18:42 Wheelbarrow
18:41 Scale Mail Armor
19:02 Gambesons
18:38 Pikeman
20:14 Bow Saw
21:00 Squires
20:21 Man-at-Arms
21:40 Heavy Plow
24:09 Hand Cart
24:31 Long Swordsman
28:12 Town Watch
28:59 Elite Skirmisher
32:41 Imperial Age
31:31 Iron Casting
30:47 Fletching
30:58 Padded Archer Armor
31:22 Ballistics
35:35 Chemistry
34:07 Elite Teutonic Knight
35:11 Conscription
35:12 Bodkin Arrow
35:36 Leather Archer Armor
35:43 Bloodlines
35:40 Cavalier
39:51 Paladin
41:10 Ring Archer Armor
41:42 Blast Furnace
40:48 Scale Barding Armor
TomTom
11:33 Feudal Age
14:29 Fletching
14:36 Double-Bit Axe
15:53 Padded Archer Armor
15:38 Horse Collar
21:41 Castle Age
22:11 Crossbowman
25:49 Bow Saw
25:41 Heavy Plow
26:06 Bodkin Arrow
26:19 Loom
27:10 Wheelbarrow
28:49 Chemistry
28:48 Fervor
31:15 Fervor
33:02 Leather Archer Armor
33:29 Hand Cart
34:12 Ballistics
38:48 Imperial Age
39:02 Arbalester
40:13 Bracer
40:43 Ring Archer Armor
Connection lost

Rejoining the realm…

Still unreachable

The connection could not be restored.

Session expired

The server has moved on; the page needs a fresh start.